Description

mech

Replay - Snute v SpeCial: Game 2 - Backwater LE

Build Order

Get SALT Encoding   

  12  0:00  SCV  
  13  0:13  SCV  
  14  0:20  Supply Depot  
  14  0:25  SCV  
  15  0:42  SCV  
  16  0:44  Barracks  
  16  0:46  Refinery  
  16  0:54  SCV  
  17  1:06  SCV  
  18  1:18  SCV  
  19  1:32  Orbital Command  
  20  1:34  Marine  
  20  1:41  Command Center  
  20  1:57  Factory  
  20  1:58  SCV  
  21  2:07  Barracks Reactor  
  21  2:10  Supply Depot, SCV  
  22  2:15  Refinery  
  22  2:22  SCV  
  24  2:42  Starport  
  24  2:50  Hellion x2  
  29  2:55  Orbital Command  
  35  3:13  Hellion x2  
  35  3:18  Starport Tech Lab  
  37  3:30  Supply Depot  
  42  3:34  Hellion x2  
  42  3:38  Cloaking Field  
  43  3:44  Banshee  
  46  3:48  Supply Depot  
  48  4:01  Hellion x2  
  48  4:24  Command Center  
  48  4:28  Banshee  
  53  4:34  Supply Depot  
  53  4:37  Hellion x2  
  59  4:49  Refinery x2  
  59  4:58  Armory  
  65  5:11  Banshee  
  71  5:36  Barracks Tech Lab  
  71  5:37  Factory x2  
  69  5:52  Terran Vehicle Weapons Level 1  
  72  6:05  Starport Reactor  
  72  6:08  Orbital Command  
  79  6:31  Refinery x2  
  83  6:38  Thor x2  
  99  6:55  Medivac x2  
  109  7:18  Armory  
  109  7:19  Factory x2  
  109  7:25  Liberator x2  
  109  7:27  Siege Tank x2  
  131  7:54  Terran Vehicle Weapons Level 2  
  131  8:03  Factory Tech Lab  
  131  8:04  Factory Reactor  
  131  8:05  Command Center, Siege Tank x2  
  143  8:29  Siege Tank  
  147  8:37  Siege Tank  
  149  8:50  Terran Vehicle And Ship Armor Level 1  
  138  9:10  Siege Tank x2  
  149  9:22  Siege Tank  
  149  9:23  Engineering Bay  
  155  9:24  Viking x2  
  166  9:42  Siege Tank  
  168  9:50  Refinery x2  
  162  9:53  Infernal Pre-Igniter  
  162  9:54  Viking x2  
  168  10:10  Planetary Fortress  
  168  10:15  Terran Vehicle Weapons Level 3  
  168  10:16  Missile Turret  
  176  10:33  Viking x2  
  180  10:42  Smart Servos  
  190  11:04  Viking x2  
  166  11:38  Viking x2  
  169  11:49  Starport x2  
  169  11:57  Terran Ship Weapons Level 1, Command Center  
Spawning Tool Build Advisor. Get it on Overwolf

Go to:

Details

  • Created by: Eprex
  • Published on: Feb 08, 2018
  • Modified on: Feb 08, 2018
  • Patch: 4.0.0
Show
View Real Time Build Order
Export as new Build Order

Comments (0)

There are no comments. Be the first!

Create an account to comment!